 Dungeon Crawl Stone Soup version 0.28-a0-915-gcd63401287 (webtiles) character file.

Game seed: 7356590885747507892

166 mcbry74 the Poker (level 5, -1/41 HPs)
             Began as a Human Berserker on Nov 25, 2021.
             Was a Believer of Trog.
             Killed from afar by an orc wizard (12 damage)
             ... with a puff of flame
             ... on level 3 of the Dungeon.
             The game lasted 00:08:18 (3547 turns).

mcbry74 the Poker (Human Berserker)                 Turns: 3547, Time: 00:08:19

Health: -1/41      AC:  4    Str: 18    XL:     5   Next: 76%
Magic:  5/5        EV: 12    Int:  8    God:    Trog [**....]
Gold:   37         SH:  0    Dex: 12    Spells: 4/4 levels left

rFire   . . .      SeeInvis .   a - +0 spear
rCold   . . .      Faith    .   (no shield)
rNeg    . . .      Spirit   .   b - +0 animal skin
rPois   .          Reflect  .   (no helmet)
rElec   .          Harm     .   m - +0 cloak
rCorr   .          Rampage  .   (no gloves)
Will    .....                   o - +0 pair of boots
Stlth   +.........              (no amulet)
HPRegen 0.13/turn               (no ring)
MPRegen 0.09/turn               (no ring)

@: no status effects
A: no striking features
a: Renounce Religion, Berserk, Trog's Hand


You were on level 3 of the Dungeon.
You worshipped Trog.
Trog was pleased with you.
You visited 1 branch of the dungeon, and saw 3 of its levels.

You collected 37 gold pieces.

Inventory:

Hand Weapons
 a - a +0 spear (weapon)
 f - a +1 mace of protection
 j - a +0 halberd
Armour
 b - a +0 animal skin (worn)
 m - a +0 cloak (worn)
 o - a +0 pair of boots (worn)
Jewellery
 c - a ring of fire
 g - a ring of positive energy
 i - a ring of ice
Wands
 k - a wand of polymorph (7)
Scrolls
 d - 3 scrolls of noise {unknown}
 h - 3 scrolls of identify {unknown}
Potions
 e - a potion of flight {unknown}
 l - 2 potions of degeneration {unknown}
 n - 2 potions of resistance {unknown}
 p - a potion of lignification {unknown}
 q - a potion of curing {unknown}


   Skills:
 - Level 3.0 Fighting
 + Level 6.0 Polearms
 - Level 2.0 Armour
 - Level 2.0 Dodging


You had 4 spell levels left.
You didn't know any spells.
Your spell library was empty.

Dungeon Overview and Level Annotations

Branches:
Dungeon (3/15)

Altars:

Shops:
D:2 ?


Message History

Trog accepts your kill.
Trog appreciates your killing of a magic user.
Your Polearms skill increases to level 6!
A ball python comes into view.
The ball python hisses angrily.
You hit the ball python.
You kill the ball python!
Trog accepts your kill. Something hits you.
You see here a ball python corpse.
A magic dart appears from out of thin air!
The magic dart hits you.
A magic dart appears from out of thin air!
The magic dart hits you!
You see here a ball python corpse.
An orc wizard appears from thin air!
Reactivating autopickup.
You are too injured to fight recklessly!
You are too injured to fight recklessly!
You are too injured to fight recklessly!
You are too injured to fight recklessly!
You are too injured to fight recklessly!
You hit the orc wizard but do no damage.
You closely miss the orc wizard.
The orc wizard gestures at you while chanting.
The puff of flame hits you!
* * * LOW HITPOINT WARNING * * *
You hit the orc wizard.
The orc wizard is moderately wounded.
The orc wizard hits you with a +2 dagger of venom.
* * * LOW HITPOINT WARNING * * *
You completely miss the orc wizard.
The orc wizard is moderately wounded.
The orc wizard hits you with a +2 dagger of venom.
* * * LOW HITPOINT WARNING * * *
You barely miss the orc wizard.
The orc wizard is moderately wounded.
The orc wizard points at you and mumbles some strange words.
The puff of flame hits you!
You die...

##.## #.# #..... ###.#
#.# #.⌠... ##.).## #.#
###..... #####.###.## #.#
#.'...⌠. .....##
##.#####.#########.#.....
.....#
#.o.........(.....#.⌠...
####.##
##.#####)#########.#.....
##.###.## #.# #.####'#
##..o## #@# #......#
##### #o# ######## #.#
##### #.# #..{## #.#
#...## #.# #.##.# #.#
###.##.##.###.#
...........†...#


You could see an orc wizard.

Vanquished Creatures
  An orc wizard (D:3)
  3 gnolls (D:2)
  4 adders
  3 dart slugs
  3 orcs (D:3)
  9 endoplasms
  5 giant cockroaches
  6 goblins
  2 hobgoblins
  6 kobolds
  4 quokkas (D:1)
  10 ball pythons
  4 bats
  2 frilled lizards (D:2)
  2 rats
64 creatures vanquished.

Vanquished Creatures (others)
  6 plants
6 creatures vanquished.

Grand Total: 70 creatures vanquished

Notes
Turn   | Place    | Note
-------+----------+-------------------------------------------
     0 | D:1      | mcbry74 the Human Berserker began the quest for the Orb.
     0 | D:1      | Reached XP level 1. HP: 18/18 MP: 1/1
   117 | D:1      | Reached XP level 2. HP: 14/24 MP: 2/2
   686 | D:1      | Reached skill level 4 in Polearms
   686 | D:1      | Reached XP level 3. HP: 29/29 MP: 3/3
   954 | D:1      | Reached ** piety under Trog
  1262 | D:1      | Found a faded altar of an unknown god.
  1639 | D:1      | Reached XP level 4. HP: 30/35 MP: 4/4
  1850 | D:2      | Reached skill level 5 in Polearms
  2259 | D:2      | Found Antasuch's Magic Scroll Shop.
  2287 | D:2      | Reached XP level 5. HP: 41/41 MP: 5/5
  3503 | D:3      | Reached skill level 6 in Polearms
  3547 | D:3      | Killed from afar by an orc wizard

Illustrated notes

Levels and vault maps discovered:
D:1:      lemuel_arrival_tunnels, layout_basic,
          ebering_ecumenical_altar_abandoned, serial_forest,
          infiniplex_forest_clump_curved, infiniplex_forest_clump_double,
          infiniplex_forest_clump_C, infiniplex_forest_straight_3,
          infiniplex_forest_straight_2, infiniplex_forest_lined_room_2
D:2:      layout_basic, serial_bayou, serial_bayou_crossing,
          serial_bayou_pond_a, serial_bayou_pond_b, serial_bayou_shore_b,
          serial_shops, shop
D:3:      layout_loops_ring, minmay_fountain_box, chequers_big_river

Skill      XL: |  1  2  3  4  5 |
---------------+----------------+-----
Polearms       | 4 5 6 |  6.0
Fighting       | |  3.0
Armour         | |  2.0
Dodging        | |  2.0

Action                   |  1- 3 |  4- 6 || total
-------------------------+-------+-------++-------
Melee: Spear             |   120 |   114 ||   234
 Stab: Sleeping          |     1 |     2 ||     3
Armor: Animal skin       |    16 |    14 ||    30
Dodge: Dodged            |    40 |    34 ||    74

Table legend: (Time is in decaauts)
 A = Elapsed time spent in this place.
 B = Non-inter-level travel time spent in this place.
 C = Inter-level travel time spent in this place.
 D = Time resting spent in this place.
 E = Time spent auto-exploring this place.
 F = Levels seen in this place.
 G = Mean time per level.
                   A        B        C        D        E       F      G
               +--------+--------+--------+--------+--------+-----+--------+
         Total |   3531 |   3466 |     65 |    703 |   2069 |   3 | 1177.0 |
       Dungeon |   3531 |   3466 |     65 |    703 |   2069 |   3 | 1177.0 |
               +--------+--------+--------+--------+--------+-----+--------+

Top non-repeatable levels by time:
     D:1: 1662 daAuts
     D:2: 1302 daAuts
     D:3: 565 daAuts
